[Event "Titled Tuesday Blitz May 9 Early 2023"]
[White "Tarasova, Viktoriya"]
[Black "Ramirez, Maria Eugenia"]
[WhiteFideId "4175840"]
[BlackFideId "3301680"]
[WhiteElo "2182"]
[BlackElo "1842"]
[Result "1-0"]
[Round "07"]
[TimeControl "180+2"]
[Date "2023.05.09"]
[WhiteClock "0:00:55"]
[BlackClock "0:00:00"]

1. d4 Nf6 2. c4 e6 3. Nc3 c5 4. d5 exd5 5. cxd5 d6 6. Nf3 g6 7. Bf4 Na6 8. h3 Nc7 9. e4 Bg7 10. a4 O-O 11. Bd3 Re8 12. O-O a6 13. Re1 b6 14. Bc4 Rb8 15. e5 Nh5 16. Bh2 dxe5 17. Nxe5 Bd7 18. Nc6 Bxc6 19. dxc6 Rc8 20. Qxd8 Rexd8 21. Re7 Ne6 22. c7 Rd2 23. Bxa6 Rxc7 24. Bxc7 Bd4 25. Ne4 Rxb2 26. Rf1 Nhf4 27. Bc4 Rc2 28. Bxe6 Nxe6 29. Bxb6 Re2 30. Nd6 f5 31. a5 Kf8 32. Re8+ Kg7 33. a6 1-0


[Site "https://www.chess.com"]

[Event "Titled Tuesday Blitz May 9 Early 2023"]
[White "Feinig, Mario"]
[Black "Tarnowska, Aleksandra"]
[WhiteFideId "1618113"]
[BlackFideId "1180967"]
[WhiteElo "2163"]
[BlackElo "1776"]
[Result "1-0"]
[Round "07"]
[TimeControl "180+2"]
[Date "2023.05.09"]
[WhiteClock "0:00:45"]
[BlackClock "0:00:00"]

1. d4 d5 2. Nf3 Nf6 3. e3 c6 4. Bd3 Bg4 5. Nbd2 e6 6. c3 Bd6 7. e4 dxe4 8. Nxe4 Nxe4 9. Bxe4 Nd7 10. h3 Bh5 11. g4 Bg6 12. Qe2 Nf6 13. Bxg6 hxg6 14. Bg5 Qb6 15. Bxf6 gxf6 16. O-O-O a5 17. h4 a4 18. h5 Ke7 19. hxg6 fxg6 20. Rde1 Bf4+ 21. Kb1 c5 22. dxc5 Qc6 23. Nd4 Qd5 24. Nxe6 Rxh1 25. Nxf4+ Kf7 26. Nxd5 Rxe1+ 27. Qxe1 1-0


[Site "https://www.chess.com"]

[Event "Titled Tuesday Blitz May 9 Early 2023"]
[White "Van Baar, Esper"]
[Black "Andrews, Todd"]
[WhiteFideId "1049321"]
[BlackFideId "2012456"]
[WhiteElo "2167"]
[BlackElo "2173"]
[Result "0-1"]
[Round "07"]
[TimeControl "180+2"]
[Date "2023.05.09"]
[WhiteClock "0:00:10"]
[BlackClock "0:01:07"]

1. e4 e6 2. d4 d5 3. Nd2 Nf6 4. e5 Nfd7 5. Bd3 c5 6. c3 Nc6 7. Ne2 Qb6 8. Nf3 cxd4 9. cxd4 f6 10. exf6 Nxf6 11. O-O Bd6 12. b3 Bd7 13. Re1 O-O 14. Bf4 Bxf4 15. Nxf4 Ne4 16. Bxe4 Rxf4 17. Bxh7+ Kxh7 18. Ng5+ Kg8 19. Qh5 Qxd4 20. Qh7+ Kf8 21. Qg6 Ne5 22. Nh7+ Kg8 23. Nf6+ Rxf6 0-1


[Site "https://www.chess.com"]

[Event "Titled Tuesday Blitz May 9 Early 2023"]
[White "KorolDimitriy75"]
[Black "Brueckner, Thomas"]
[BlackFideId "4600452"]
[WhiteElo "2441"]
[BlackElo "2322"]
[Result "1/2-1/2"]
[Round "07"]
[TimeControl "180+2"]
[Date "2023.05.09"]
[WhiteClock "0:00:14"]
[BlackClock "0:00:22"]

1. d4 Nf6 2. c4 e6 3. Nc3 Bb4 4. Qc2 d5 5. cxd5 exd5 6. Bg5 h6 7. Bxf6 Qxf6 8. a3 Bxc3+ 9. Qxc3 O-O 10. e3 Bf5 11. Ne2 c6 12. Ng3 Bg6 13. Be2 Nd7 14. O-O Rfe8 15. b4 Rac8 16. Rfc1 Qg5 17. b5 c5 18. dxc5 Nxc5 19. Qb4 b6 20. Rd1 h5 21. Rd4 Ne4 22. Bf3 h4 23. Nxe4 dxe4 24. Bxe4 h3 25. g3 Bxe4 26. Rxe4 Qd5 27. f3 Rxe4 28. Qxe4 Qxe4 29. fxe4 Rc2 30. Rd1 Ra2 31. Rd3 Rg2+ 32. Kh1 Ra2 33. Kg1 Rg2+ 34. Kh1 Ra2 35. Kg1 1/2-1/2


[Site "https://www.chess.com"]

[Event "Titled Tuesday Blitz May 9 Early 2023"]
[White "Butti, Enrique"]
[Black "Mazurkiewicz, Michal"]
[WhiteFideId "3700470"]
[BlackFideId "1124943"]
[WhiteElo "2080"]
[BlackElo "2054"]
[Result "0-1"]
[Round "07"]
[TimeControl "180+2"]
[Date "2023.05.09"]
[WhiteClock "0:00:00"]
[BlackClock "0:00:11"]

1. d4 Nf6 2. Nf3 g6 3. c4 Bg7 4. Nc3 O-O 5. e4 d6 6. Be2 c5 7. d5 e6 8. O-O exd5 9. cxd5 Re8 10. Nd2 Na6 11. Re1 Nc7 12. a4 b6 13. Qc2 a6 14. Nc4 Rb8 15. Bf4 Bf8 16. Bf3 b5 17. axb5 axb5 18. Nxd6 Bxd6 19. e5 Bf5 20. Qd1 Ncxd5 21. Nxd5 Nxd5 22. Bxd5 Bf8 23. Qf3 Be6 24. Rad1 Qc8 25. h3 Bg7 26. Bc6 Rd8 27. Rd6 Bf8 28. Red1 Qc7 29. Bg3 Rdc8 30. Bd7 Bxd6 31. Bxe6 fxe6 32. exd6 Qd7 33. Be5 Rf8 34. Qe3 c4 35. Qh6 Rf5 36. f4 b4 37. g4 Rf7 38. Rc1 Rc8 39. Qh4 Qd8 40. Qg3 Qd7 41. Qe3 Qc6 42. Kh2 Qd5 43. Qe2 c3 44. bxc3 b3 45. Rd1 Qc6 46. Qb2 Qb5 47. Rd4 Rd7 48. Rb4 Qf1 49. Rxb3 Kf7 50. Rb7 Ke8 0-1


[Site "https://www.chess.com"]

[Event "Titled Tuesday Blitz May 9 Early 2023"]
[White "Fernandez Siles, Luis"]
[Black "Zaichenko, Daria"]
[WhiteFideId "2209420"]
[BlackFideId "4197453"]
[WhiteElo "2195"]
[BlackElo "2039"]
[Result "0-1"]
[Round "07"]
[TimeControl "180+2"]
[Date "2023.05.09"]
[WhiteClock "0:00:15"]
[BlackClock "0:01:02"]

1. e4 c5 2. Nf3 Nc6 3. d4 cxd4 4. Nxd4 Nf6 5. Nc3 d6 6. Bg5 e6 7. Qd2 a6 8. O-O-O Bd7 9. f3 Be7 10. h4 Qa5 11. Kb1 b5 12. Nb3 Qc7 13. Bxb5 axb5 14. Nxb5 Qb8 15. Nxd6+ Bxd6 16. Qxd6 Qxd6 17. Rxd6 Ke7 18. Rhd1 Ra7 19. Nc5 Rd8 20. b3 h6 21. Bxf6+ gxf6 22. a4 Ne5 23. Ka2 Rc8 24. b4 Bxa4 25. Nxa4 Rxa4+ 26. Kb3 Ra7 27. R6d4 Rca8 28. Kc3 Rc7+ 29. Kd2 Ra2 30. Rc1 Nc4+ 31. Ke2 Na3 0-1


[Site "https://www.chess.com"]

[Event "Titled Tuesday Blitz May 9 Early 2023"]
[White "Fan_Of_Chucky"]
[Black "Rodriguez Santiago, Jaime"]
[BlackFideId "3100898"]
[WhiteElo "2388"]
[BlackElo "2025"]
[Result "1-0"]
[Round "07"]
[TimeControl "180+2"]
[Date "2023.05.09"]
[WhiteClock "0:00:05"]
[BlackClock "0:00:25"]

1. d4 Nf6 2. c4 e6 3. Nf3 d5 4. g3 dxc4 5. Bg2 c5 6. O-O Nc6 7. Qa4 Bd7 8. Qxc4 b5 9. Qc3 c4 10. Ne5 Rc8 11. Bxc6 Bxc6 12. a4 b4 13. Qxc4 Bd7 14. Qd3 Be7 15. Nd2 O-O 16. Ne4 Be8 17. Nc5 Bxc5 18. dxc5 Qc7 19. Qd6 Ne4 20. Qxc7 Rxc7 21. Nd3 Nxc5 22. Bf4 Rc6 23. Nxc5 Rxc5 24. Bd6 Rc2 25. Bxb4 Rxb2 26. Bxf8 Kxf8 27. e3 a5 28. Rfc1 Rb4 29. Rc5 Bxa4 30. Rxa5 Bb5 31. Ra8+ Ke7 32. Rb8 Kf6 33. e4 h5 34. Rc1 h4 35. gxh4 Rb2 36. h3 g6 37. Kh2 Rxf2+ 38. Kg3 Rb2 39. Rc5 Rb3+ 40. Kf4 Ba4 41. Rxb3 Bxb3 42. e5+ Kg7 43. Kg5 Bd5 44. Rc7 Be4 45. h5 gxh5 46. Kxh5 Bf5 47. Kg5 Bg6 48. h4 Be4 49. h5 Bf5 50. h6+ Kg8 51. Kf6 Bg6 52. Rc8+ Kh7 53. Kg5 Bf5 54. Rf8 Bg6 55. Ra8 Bf5 56. Rb8 Bg6 57. Rf8 Bf5 58. Rxf7+ Kh8 59. Rxf5 exf5 60. Kxf5 Kh7 61. Kf6 1-0


[Site "https://www.chess.com"]

[Event "Titled Tuesday Blitz May 9 Early 2023"]
[White "Marcziter, Dmitrii"]
[Black "Fabris, Alberto"]
[WhiteFideId "13900765"]
[BlackFideId "801348"]
[WhiteElo "2162"]
[BlackElo "2163"]
[Result "0-1"]
[Round "07"]
[TimeControl "180+2"]
[Date "2023.05.09"]
[WhiteClock "0:00:00"]
[BlackClock "0:00:25"]

1. e4 c5 2. Nc3 Nc6 3. f4 g6 4. Nf3 Bg7 5. Bc4 e6 6. d3 Nge7 7. O-O O-O 8. f5 d5 9. Bb3 c4 10. dxc4 dxe4 11. f6 Bxf6 12. Nxe4 Qxd1 13. Nxf6+ Kg7 14. Nh5+ gxh5 15. Rxd1 Rd8 16. Bf4 b6 17. Bc7 Rd7 18. Rxd7 Bxd7 19. Rd1 Be8 20. Ne5 Rc8 21. Bd6 Nf5 22. Nxc6 Bxc6 23. Be5+ f6 24. Bf4 Kf7 25. c3 Ke7 26. Bc2 Nh4 27. g3 Nf3+ 28. Kf2 Nxh2 29. Bxh7 Ng4+ 30. Ke2 e5 31. Bc1 Rh8 32. Bf5 Nh6 33. Bh3 Nf7 34. Be3 Rg8 35. Kf2 Ng5 36. Bg2 Bxg2 37. Kxg2 Ne4 38. Bf2 h4 39. Rd3 Ke6 40. b4 f5 41. c5 bxc5 42. bxc5 hxg3 43. Bg1 f4 44. c4 Rc8 0-1


[Site "https://www.chess.com"]

[Event "Titled Tuesday Blitz May 9 Early 2023"]
[White "Goswami, Vedant"]
[Black "Sailer, Mike"]
[WhiteFideId "5003725"]
[BlackFideId "2012901"]
[WhiteElo "2011"]
[BlackElo "2109"]
[Result "1-0"]
[Round "07"]
[TimeControl "180+2"]
[Date "2023.05.09"]
[WhiteClock "0:02:28"]
[BlackClock "0:01:06"]

1. e3 d5 2. c4 Bf5 3. cxd5 Qxd5 4. Nc3 Qa5 5. e4 Bg6 6. b4 Qxb4 7. Rb1 Qa5 8. Rxb7 Nd7 9. Rb5 Qa6 10. Rb8+ Nxb8 11. Bxa6 Nxa6 12. Qa4+ c6 13. Qxc6+ 1-0


[Site "https://www.chess.com"]

[Event "Titled Tuesday Blitz May 9 Early 2023"]
[White "Benmesbah, Natacha"]
[Black "Michelle Catherina, P"]
[WhiteFideId "642002"]
[BlackFideId "5005736"]
[WhiteElo "2263"]
[BlackElo "2049"]
[Result "0-1"]
[Round "07"]
[TimeControl "180+2"]
[Date "2023.05.09"]
[WhiteClock "0:00:06"]
[BlackClock "0:00:03"]

1. e4 c6 2. Nc3 d5 3. Nf3 Bg4 4. h3 Bxf3 5. Qxf3 e6 6. Be2 Nd7 7. d4 dxe4 8. Nxe4 Ngf6 9. O-O Be7 10. Rd1 O-O 11. a4 Nxe4 12. Qxe4 Nf6 13. Qd3 Qd5 14. Bf3 Qd7 15. a5 a6 16. Bf4 Nd5 17. Bg3 Bd6 18. Be5 Nf4 19. Qe3 Ng6 20. Bxd6 Qxd6 21. Ra3 Rad8 22. g3 Ne7 23. Rb3 Nf5 24. Qe5 Nxd4 25. Qxd6 Rxd6 26. Rxd4 Rxd4 27. Rxb7 Ra4 28. b4 c5 29. bxc5 Rxa5 30. c6 Rc5 31. Be4 f5 32. Bf3 Rxc2 33. Ra7 Rc8 34. Rxa6 Rc5 35. Ra7 e5 36. Re7 e4 37. Bd1 Rc1 38. Rd7 R8xc6 39. Kg2 Rc8 40. Bb3+ Kh8 41. Be6 g6 42. h4 Re8 43. Bf7 Rf8 44. h5 Kg7 45. hxg6 hxg6 46. Bb3+ Kf6 47. Rd6+ Kg5 48. Be6 Rc2 49. Rb6 e3 50. Kh3 Rxf2 51. Bg8 Rxg8 52. g4 Rh8+ 53. Kg3 f4# 0-1


[Site "https://www.chess.com"]

[Event "Titled Tuesday Blitz May 9 Early 2023"]
[White "Aung Thant Zin"]
[Black "Hirneise, Jens"]
[WhiteFideId "13000063"]
[BlackFideId "24614734"]
[WhiteElo "2278"]
[BlackElo "2345"]
[Result "0-1"]
[Round "07"]
[TimeControl "180+2"]
[Date "2023.05.09"]
[WhiteClock "0:00:00"]
[BlackClock "0:01:20"]

1. e4 g6 2. d4 Bg7 3. Nc3 d6 4. Be2 Nf6 5. h4 h5 6. Nf3 Bg4 7. Ng5 Bxe2 8. Qxe2 Nfd7 9. Be3 Nc6 10. f3 Nxd4 11. Bxd4 Bxd4 12. Qc4 Bxc3+ 13. Qxc3 Nf6 14. O-O-O e5 15. f4 Qe7 16. f5 gxf5 17. exf5 O-O-O 18. Rhe1 Kb8 19. Qb4 Rhe8 20. Re3 d5 21. Qa4 Qd7 22. Qa5 a6 23. Rb3 Ka8 24. Rdd3 d4 25. Rb4 Nd5 0-1


[Site "https://www.chess.com"]

[Event "Titled Tuesday Blitz May 9 Early 2023"]
[White "Ismayilova, Khanim"]
[Black "Mayaud, Raphael"]
[WhiteFideId "13429019"]
[BlackFideId "627151"]
[WhiteElo "1633"]
[BlackElo "2191"]
[Result "0-1"]
[Round "07"]
[TimeControl "180+2"]
[Date "2023.05.09"]
[WhiteClock "0:00:20"]
[BlackClock "0:00:17"]

1. c4 c6 2. Nc3 d5 3. e3 Nf6 4. d4 g6 5. Nf3 Bg7 6. Bd3 O-O 7. O-O e6 8. b3 b6 9. Ba3 Re8 10. e4 dxe4 11. Nxe4 Nxe4 12. Bxe4 Bb7 13. Rc1 Nd7 14. Re1 Nf6 15. Bc2 Qc7 16. Qe2 Rad8 17. Rcd1 c5 18. dxc5 bxc5 19. Bb2 Rxd1 20. Rxd1 Rd8 21. h3 Rxd1+ 22. Qxd1 Qd7 23. Qxd7 Nxd7 24. Bxg7 Kxg7 25. Nd2 f5 26. f4 e5 27. fxe5 Nxe5 28. Kf2 Kf6 29. Nf3 Nxf3 30. gxf3 Ke5 31. Bd1 f4 32. Ke2 Kd4 33. Kd2 g5 34. Be2 Bc8 35. Bf1 Bf5 36. a3 a5 37. Bg2 Bb1 38. Bf1 Bg6 39. Be2 Bf5 40. Bf1 h6 41. Bg2 Bd3 42. Bh1 Bf1 43. Ke1 Bxh3 44. Kd2 Bf5 45. Bg2 Bd3 46. Bh3 Bb1 47. Kc1 Bg6 48. Kd2 Bf7 49. Bc8 h5 50. Bh3 Be8 51. Be6 Bc6 52. Bf7 Bxf3 53. Be6 h4 54. Bh3 g4 55. Bf1 h3 56. b4 axb4 57. axb4 cxb4 58. c5 Kxc5 59. Be2 h2 60. Bf1 h1=Q 61. Kc2 Qxf1 62. Kb2 Qe2+ 63. Ka1 Kc4 64. Kb1 Kb3 65. Kc1 Qc2# 0-1


[Site "https://www.chess.com"]

[Event "Titled Tuesday Blitz May 9 Early 2023"]
[White "Pasti, Aron"]
[Black "KSho99"]
[WhiteFideId "785857"]
[WhiteElo "2173"]
[BlackElo "2154"]
[Result "1-0"]
[Round "07"]
[TimeControl "180+2"]
[Date "2023.05.09"]
[WhiteClock "0:00:21"]
[BlackClock "0:00:00"]

1. e4 e6 2. d4 d5 3. Nc3 Be7 4. e5 c5 5. Nce2 cxd4 6. Nxd4 Nc6 7. Ngf3 Bd7 8. Bd3 Qb6 9. c3 Nh6 10. O-O Ng4 11. Bf4 h5 12. b4 Rc8 13. Nb5 a6 14. Nd6+ Bxd6 15. exd6 e5 16. Re1 f6 17. Bg3 O-O 18. Bg6 Be6 19. Bxh5 Nh6 20. Nh4 Rcd8 21. Ng6 Rxd6 22. Nxf8 Kxf8 23. Qf3 Nf5 24. Bg4 Nxg3 25. hxg3 Bxg4 26. Qxg4 Ne7 27. Rad1 Qc6 28. Qf3 Qc4 29. Re2 Rc6 30. Rxe5 Qxc3 31. Qxc3 Rxc3 32. Re2 Ra3 33. Rc1 Nc6 34. b5 axb5 35. Rc5 Nb4 36. Rxb5 Rxa2 37. Rxa2 Nxa2 38. Rxd5 Nc3 39. Rd8+ Ke7 40. Rb8 b5 41. Rc8 Ne2+ 42. Kf1 Nd4 43. Rb8 Kd6 44. Ke1 Kc5 45. Kd2 Kc4 46. Rc8+ Kb4 47. Rc7 Nb3+ 48. Kc2 g5 49. Kb2 Nd4 50. f4 gxf4 51. gxf4 Ne6 52. Rc6 Nxf4 53. g3 Nd3+ 54. Kc2 Nc5 55. Rxf6 1-0


[Site "https://www.chess.com"]

[Event "Titled Tuesday Blitz May 9 Early 2023"]
[White "Levine, David"]
[Black "Martin Alvarez, Inigo"]
[WhiteFideId "2011611"]
[BlackFideId "2259354"]
[WhiteElo "2123"]
[BlackElo "2321"]
[Result "0-1"]
[Round "07"]
[TimeControl "180+2"]
[Date "2023.05.09"]
[WhiteClock "0:01:08"]
[BlackClock "0:01:49"]

1. d4 f5 2. g3 Nf6 3. Bg2 g6 4. Nf3 Bg7 5. O-O O-O 6. c4 d6 7. Nc3 c6 8. Re1 Qc7 9. e4 fxe4 10. Nxe4 e5 11. dxe5 dxe5 12. Qb3 Nxe4 13. Rxe4 Na6 14. c5+ Kh8 15. Qc4 Bf5 16. Re1 Rad8 17. b4 e4 18. Ng5 Bxa1 19. Bf4 Qg7 20. Bxe4 Bxe4 21. Ne6 Bd5 22. Nxg7 Bxc4 23. Ne6 Bxe6 0-1


[Site "https://www.chess.com"]

[Event "Titled Tuesday Blitz May 9 Early 2023"]
[White "Manon-og, Ramon Jr."]
[Black "Stead, Kerry"]
[WhiteFideId "5200776"]
[BlackFideId "3202577"]
[WhiteElo "2313"]
[BlackElo "1997"]
[Result "1-0"]
[Round "07"]
[TimeControl "180+2"]
[Date "2023.05.09"]
[WhiteClock "0:01:26"]
[BlackClock "0:00:00"]

1. e4 c6 2. d4 d5 3. e5 Bf5 4. Nd2 c5 5. dxc5 Nc6 6. Ngf3 e6 7. Nb3 a5 8. a4 Qc7 9. Bf4 f6 10. Bb5 Ne7 11. Bg3 Qd7 12. O-O Ng6 13. exf6 gxf6 14. Nbd4 Bg4 15. h3 Bxf3 16. Qxf3 Be7 17. Rfe1 e5 18. Nf5 O-O 19. Qg4 Kh8 20. h4 Rg8 21. Qh5 Bxc5 22. Rad1 Rad8 23. Qh6 Qxf5 24. h5 Nge7 25. Kh1 Qg5 26. Qxg5 Rxg5 27. Be2 Nf5 28. Kh2 Nxg3 29. fxg3 Bf2 30. Rf1 Bxg3+ 31. Kh1 Bf4 32. c3 d4 33. Bf3 Rdg8 34. Bd5 1-0


[Site "https://www.chess.com"]

[Event "Titled Tuesday Blitz May 9 Early 2023"]
[White "Carrasco Miranda, Andres"]
[Black "Flis, Pawel"]
[WhiteFideId "3405990"]
[BlackFideId "1112864"]
[WhiteElo "2183"]
[BlackElo "1822"]
[Result "1-0"]
[Round "07"]
[TimeControl "180+2"]
[Date "2023.05.09"]
[WhiteClock "0:01:14"]
[BlackClock "0:00:57"]

1. d4 c5 2. d5 Nf6 3. c4 b5 4. cxb5 a6 5. bxa6 Bxa6 6. Nc3 g6 7. e4 Bxf1 8. Kxf1 d6 9. g3 Bg7 10. Kg2 O-O 11. Nf3 Nbd7 12. a4 Ra6 13. Ra3 e6 14. dxe6 fxe6 15. Re1 Qa8 16. Kg1 Ng4 17. Bf4 Nde5 18. Nxe5 Nxe5 19. Nb5 Qc6 20. Bxe5 Bxe5 21. b3 d5 22. exd5 exd5 23. Rxe5 Qf6 24. Re2 d4 25. Raa2 Rf7 26. Rac2 Qc6 27. Re5 Rf3 28. Nxd4 Qd6 29. Qxf3 Qxe5 30. Re2 Qxd4 31. Re8+ Kg7 32. Qf8# 1-0


[Site "https://www.chess.com"]

[Event "Titled Tuesday Blitz May 9 Early 2023"]
[White "Kowalysko, Roman"]
[Black "Ankudinova, Yelena"]
[WhiteFideId "30918510"]
[BlackFideId "13702114"]
[WhiteElo "2097"]
[BlackElo "1937"]
[Result "1/2-1/2"]
[Round "07"]
[TimeControl "180+2"]
[Date "2023.05.09"]
[WhiteClock "0:00:16"]
[BlackClock "0:00:03"]

1. e4 c6 2. Nf3 d5 3. Nc3 dxe4 4. Nxe4 Nd7 5. Qe2 e6 6. d4 Ngf6 7. Bg5 Be7 8. Nxf6+ Bxf6 9. Bxf6 Qxf6 10. O-O-O O-O 11. h4 Re8 12. h5 h6 13. g4 Qf4+ 14. Qe3 Qxe3+ 15. fxe3 e5 16. dxe5 Kf8 17. g5 hxg5 18. Nxg5 Rxe5 19. Rg1 Nf6 20. Bc4 Be6 21. Bxe6 fxe6 22. Rd6 Ke7 23. Rd3 Nxh5 24. Nf3 Rf5 25. Nd4 Rf6 26. Rgd1 Re8 27. Nb3 Kf7 28. Nc5 Re7 29. Rd7 b6 30. Rxe7+ Kxe7 31. Nd7 Rf3 32. Ne5 Rf5 33. Nxc6+ Kf6 34. Nxa7 g5 35. Nc8 b5 36. Nd6 Rd5 37. Rxd5 exd5 38. Nxb5 g4 39. Nd4 g3 40. Ne2 g2 41. a4 Ng3 42. Ng1 Ke5 43. Kd2 d4 44. exd4+ Kxd4 45. b4 Kc4 46. c3 Ne4+ 47. Ke3 Nxc3 48. a5 Kxb4 49. a6 Nb5 50. a7 Nxa7 51. Kf3 Nc6 52. Kf2 Ne5 53. Ne2 Nd3+ 54. Kg1 Kc4 55. Ng3 Kd5 56. Ne2 Ke5 57. Ng3 Kd5 58. Nh5 Ke5 59. Ng7 Ke4 60. Kxg2 1/2-1/2


[Site "https://www.chess.com"]

[Event "Titled Tuesday Blitz May 9 Early 2023"]
[White "Wessendorf, Thomas, Dr."]
[Black "Cramling Bellon, Anna"]
[WhiteFideId "4604270"]
[BlackFideId "32009232"]
[WhiteElo "2280"]
[BlackElo "1976"]
[Result "0-1"]
[Round "07"]
[TimeControl "180+2"]
[Date "2023.05.09"]
[WhiteClock "0:00:00"]
[BlackClock "0:00:02"]

1. e4 d6 2. d4 e6 3. Nc3 Nd7 4. Nf3 Ne7 5. Bc4 Nb6 6. Bb3 Ng6 7. O-O Be7 8. a4 a5 9. Be3 O-O 10. Qd2 d5 11. e5 c5 12. dxc5 Nd7 13. Rfe1 Nxc5 14. Bxc5 Bxc5 15. Rad1 Bd7 16. Nxd5 exd5 17. Qxd5 Qb6 18. Qxd7 Bxf2+ 19. Kh1 Bxe1 20. Rxe1 Rad8 21. Qf5 Qf2 22. Rg1 Rde8 23. Qh5 Nf4 24. Qg4 Ne2 25. Rd1 Rd8 26. Ra1 Nd4 27. Bc4 Nxf3 28. Qxf3 Qxf3 29. gxf3 Rd4 30. Bd3 Re8 31. Re1 b6 32. Kg2 Rxa4 33. Bb5 Rb4 34. Bxe8 Rxb2 35. Re2 Kf8 36. Bc6 Ke7 37. f4 b5 38. f5 a4 39. Kf3 a3 40. Bd5 a2 41. Re1 Rb1 0-1


[Site "https://www.chess.com"]

[Event "Titled Tuesday Blitz May 9 Early 2023"]
[White "Lwanga, Aguda"]
[Black "Nugumanov, Bakhtiyar"]
[WhiteFideId "10801529"]
[BlackFideId "13701797"]
[WhiteElo "1475"]
[BlackElo "2209"]
[Result "1-0"]
[Round "07"]
[TimeControl "180+2"]
[Date "2023.05.09"]
[WhiteClock "0:00:02"]
[BlackClock "0:00:00"]

1. e4 e6 2. d4 d5 3. Nd2 Be7 4. e5 c5 5. c3 Nc6 6. Bd3 Bd7 7. Ndf3 f6 8. exf6 Nxf6 9. Ne2 O-O 10. O-O Ne4 11. Re1 Bh4 12. Be3 e5 13. Bxe4 dxe4 14. Nxe5 cxd4 15. cxd4 Ne7 16. Ng3 Be6 17. Nxe4 Nd5 18. Qd2 Bf5 19. Bg5 Bxg5 20. Nxg5 h6 21. Ngf3 Qf6 22. Rac1 Rad8 23. b4 Kh8 24. a3 a6 25. a4 Ne7 26. b5 axb5 27. axb5 Nc8 28. Rc7 Nd6 29. b6 1-0


[Site "https://www.chess.com"]

[Event "Titled Tuesday Blitz May 9 Early 2023"]
[White "Clawitter, Craig"]
[Black "Torres Dominguez, David"]
[WhiteFideId "2023105"]
[BlackFideId "2220857"]
[WhiteElo "2238"]
[BlackElo "1999"]
[Result "1-0"]
[Round "07"]
[TimeControl "180+2"]
[Date "2023.05.09"]
[WhiteClock "0:00:08"]
[BlackClock "0:00:05"]

1. e4 Nc6 2. Nc3 e5 3. f4 Bc5 4. Nf3 d6 5. Bb5 Nf6 6. d3 O-O 7. Na4 exf4 8. Bxc6 bxc6 9. Nxc5 dxc5 10. Bxf4 c4 11. O-O cxd3 12. cxd3 Ba6 13. Ne5 Qd4+ 14. Kh1 Qxb2 15. Nxc6 Nd7 16. Bxc7 Qc3 17. Rc1 Qxd3 18. Qxd3 Bxd3 19. Rfd1 Bxe4 20. Rxd7 Kh8 21. Ne5 Rac8 22. Nxf7+ Kg8 23. Nd6 Bf5 24. Nxf5 Rxf5 25. Rd8+ Rxd8 26. Bxd8 Rf2 27. a3 Kf7 28. Ba5 Ra2 29. Bb4 a5 30. Bc5 a4 31. h3 Re2 32. Rc4 Re5 33. Bd4 Ra5 34. Kg1 g6 35. Kf2 h5 36. h4 Rf5+ 37. Ke2 Ra5 38. Bc3 Ra7 39. Kd3 Ke6 40. Rc6+ Kf5 41. Rf6+ Kg4 42. Be1 Rd7+ 43. Ke2 Re7+ 44. Kf1 Rg7 45. g3 Kh3 46. Kg1 Kg4 47. Kg2 g5 48. hxg5 Kxg5 49. Rf4 Ra7 50. Bf2 Kg6 51. Bxa7 1-0


[Site "https://www.chess.com"]

[Event "Titled Tuesday Blitz May 9 Early 2023"]
[White "Maluco_do_Natal_00"]
[Black "Quirke, Jeffrey"]
[BlackFideId "2013029"]
[WhiteElo "2024"]
[BlackElo "2207"]
[Result "0-1"]
[Round "07"]
[TimeControl "180+2"]
[Date "2023.05.09"]
[WhiteClock "0:00:00"]
[BlackClock "0:00:06"]

1. e4 Nf6 2. e5 Nd5 3. c4 Nb6 4. d4 d6 5. exd6 exd6 6. Be3 Be7 7. Nc3 O-O 8. Rc1 Bf5 9. Bd3 Bxd3 10. Qxd3 Nc6 11. b3 Bf6 12. Nf3 a5 13. O-O a4 14. Ne4 axb3 15. axb3 Re8 16. Ra1 h6 17. Rxa8 Nxa8 18. Ng3 Nb6 19. Nh5 d5 20. c5 Nd7 21. Rb1 Be7 22. b4 Bf8 23. b5 Ne7 24. Bf4 Ng6 25. Be3 Nf6 26. Ng3 Ne4 27. Qc2 b6 28. c6 Bd6 29. Nxe4 dxe4 30. Nd2 Qf6 31. Rc1 Qh4 32. Nf1 Qh5 33. Qd1 Qd5 34. Rb1 f5 35. Qh5 Qe6 36. g3 f4 37. gxf4 Nxf4 38. Bxf4 Bxf4 39. Ne3 Bxe3 40. fxe3 Rf8 0-1


[Site "https://www.chess.com"]

[Event "Titled Tuesday Blitz May 9 Early 2023"]
[White "Floresvillar Gonzalez, Luis Migu"]
[Black "Castillo Pena, Patricia Evarista"]
[WhiteFideId "5100542"]
[BlackFideId "6412106"]
[WhiteElo "2040"]
[BlackElo "1919"]
[Result "1/2-1/2"]
[Round "07"]
[TimeControl "180+2"]
[Date "2023.05.09"]
[WhiteClock "0:00:16"]
[BlackClock "0:00:04"]

1. e4 c5 2. d4 cxd4 3. c3 dxc3 4. Nxc3 Nc6 5. Nf3 e6 6. Bc4 Bb4 7. Qe2 Nge7 8. Bg5 f6 9. Bd2 O-O 10. O-O d5 11. exd5 exd5 12. Bb3 Bg4 13. h3 Bxf3 14. Qxf3 Nd4 15. Qg4 Nxb3 16. axb3 Bc5 17. Rad1 Qc8 18. Qh5 Qf5 19. Qe2 Rfe8 20. Qb5 b6 21. b4 Bd6 22. Be3 Qe5 23. g3 Rac8 24. Nxd5 Nxd5 25. Qxd5+ Qxd5 26. Rxd5 Bxg3 27. Bxb6 axb6 28. fxg3 Re2 29. Rf2 Rc1+ 30. Kg2 Rxf2+ 31. Kxf2 Rc2+ 32. Kf3 Rxb2 33. Rb5 Kf7 34. Rxb6 h5 35. h4 Kg6 36. Kf4 Rf2+ 37. Ke3 Rb2 38. Kf4 Rf2+ 39. Ke3 Rb2 40. Kf3 Kf5 41. Rb5+ Kg6 42. Rb7 Rb3+ 43. Kf4 Rb1 44. Rb5 Rf1+ 45. Ke3 Rb1 46. Kf3 Rf1+ 47. Kg2 Rb1 48. Kh3 Rb3 49. Rb7 Rb2 50. b5 Rb1 51. b6 Rb2 52. Rb8 Kf5 53. Rg8 g5 54. hxg5 fxg5 55. Rf8+ Kg6 56. Rg8+ Kf5 57. Rf8+ Kg6 58. Rg8+ Kf5 1/2-1/2


[Site "https://www.chess.com"]

[Event "Titled Tuesday Blitz May 9 Early 2023"]
[White "petr577"]
[Black "Vargas, Mauricio"]
[BlackFideId "4404572"]
[WhiteElo "2188"]
[BlackElo "1986"]
[Result "1-0"]
[Round "07"]
[TimeControl "180+2"]
[Date "2023.05.09"]
[WhiteClock "0:02:01"]
[BlackClock "0:01:29"]

1. e4 c5 2. Nf3 Nc6 3. Bb5 Nd4 4. Nxd4 cxd4 5. O-O e5 6. d3 Nf6 7. f4 a6 8. fxe5 Nxe4 9. dxe4 axb5 10. Qxd4 d6 11. Nc3 b4 12. Nd5 dxe5 13. Qxe5+ Be6 14. Nc7+ Ke7 15. Bg5+ f6 16. Qxe6# 1-0


[Site "https://www.chess.com"]

[Event "Titled Tuesday Blitz May 9 Early 2023"]
[White "Acikel, Mert"]
[Black "Sanchez, Robert"]
[WhiteFideId "12956465"]
[BlackFideId "2034360"]
[WhiteElo "2097"]
[BlackElo "1863"]
[Result "0-1"]
[Round "07"]
[TimeControl "180+2"]
[Date "2023.05.09"]
[WhiteClock "0:00:03"]
[BlackClock "0:01:38"]

1. e4 e6 2. d4 d5 3. Nd2 Nf6 4. e5 Nfd7 5. Bd3 c5 6. c3 Nc6 7. Ne2 cxd4 8. cxd4 f6 9. exf6 Nxf6 10. O-O Bd6 11. Nf3 Qc7 12. h3 O-O 13. Be3 Bd7 14. Re1 Nh5 15. Nc3 a6 16. Rc1 Nf4 17. Bf1 Rf6 18. Ne5 Raf8 19. Ne2 Bxe5 20. dxe5 Qxe5 21. Bxf4 Rxf4 22. Nxf4 Qxf4 23. Qe2 e5 24. Qe3 Qf6 25. Qb6 d4 26. Rc2 Bf5 27. Rd2 Qg6 28. Qxb7 Bxh3 29. Qb3+ Be6 30. Bc4 Bxc4 31. Qxc4+ Rf7 32. Rc2 d3 33. Rd2 Nd4 34. Qxd3 Nf3+ 0-1


[Site "https://www.chess.com"]